Map: [ESL] Oceanborn

Players

A.I. 2 (Very Easy) - Winner!

  • Race: Protoss Protoss
  • Spawn Location: 11:00

Vindicta

  • Race: Terran Terran
  • League: Master
  • Spawn Location: 5:00

VOD

Have the link to the VOD?

Description

Time

  • Played on: Sept. 11, 2024, 5:30 p.m.
  • Length: 8:02
Show
View Real Time Build Order
Export as new Build Order

A.I. 2 (Very Easy) Protoss - Winner!

Build Orders: 1 Gate Expand, Nexus First 

Get SALT Encoding   

  12  0:00  Probe  
  13  0:13  Probe  
  14  0:20  Pylon  
  14  0:42  Gateway  
  14  1:01  Nexus  
  14  1:17  Pylon  
  14  1:20  Zealot  
  14  1:23  Assimilator  
  16  1:35  Cybernetics Core  
  16  1:36  Probe  
  17  1:48  Probe  
  18  1:58  Assimilator  
  18  1:59  Probe  
  19  2:04  Stalker  
  19  2:07  Probe  
  19  2:15  Probe  
  23  2:20  Probe  
  24  2:27  Warp Gate  
  24  2:29  Probe  
  25  2:37  Probe  
  26  2:49  Probe  
  26  2:50  Assimilator  
  27  2:52  Pylon  
  27  2:56  Probe  
  28  3:01  Probe  
  29  3:10  Probe  
  30  3:13  Probe  
  30  3:14  Robotics Facility  
  31  3:24  Probe  
  32  3:27  Probe, Zealot  
  35  3:39  Probe  
  36  3:46  Probe  
  37  3:53  Probe  
  38  4:00  Observer, Probe  
  40  4:07  Probe  
  41  4:11  Observer  
  41  4:13  Probe  
  41  4:14  Assimilator  
  42  4:22  Probe  
  44  4:25  Probe  
  45  4:33  Pylon  
  45  4:36  Probe  
  46  4:43  Sentry  
  46  4:44  Probe  
  49  4:51  Probe  
  50  5:43  Observer  
Show
View Real Time Build Order
Export as new Build Order

Vindicta Terran 

Build Orders: Reaper Expand 

Get SALT Encoding   

  12  0:00  SCV  
  13  0:12  SCV  
  14  0:17  Supply Depot  
  14  0:24  SCV  
  15  0:39  SCV  
  15  0:40  Barracks  
  16  0:43  Refinery  
  16  0:51  SCV  
  17  1:03  SCV  
  18  1:15  SCV  
  19  1:28  Orbital Command, Reaper  
  20  1:39  Command Center  
  20  1:50  Supply Depot  
  20  1:54  SCV  
  21  1:59  Marine  
  22  2:06  SCV  
  23  2:08  Factory  
  23  2:18  SCV, Bunker  
  24  2:23  Barracks Reactor, Refinery  
  24  2:30  SCV  
  25  2:42  SCV  
  26  2:50  Orbital Command  
  26  2:54  SCV  
  26  2:55  Factory Tech Lab  
  27  2:59  Marine  
  27  3:00  Marine  
  27  3:04  Starport  
  29  3:06  SCV  
  30  3:16  SCV  
  30  3:17  Marine x2  
  33  3:20  Siege Tank  
  33  3:21  SCV  
  37  3:27  Supply Depot  
  37  3:28  SCV  
  37  3:33  SCV  
  39  3:34  Marine  
  39  3:35  Marine  
  39  3:40  SCV, Supply Depot  
  42  3:43  Starport Tech Lab  
  42  3:46  SCV  
  43  3:52  Marine, SCV, Siege Tank  
  43  3:53  Marine  
  49  3:58  SCV  
  49  4:00  Viking  
  52  4:04  SCV  
  52  4:09  Barracks  
  53  4:11  SCV  
  53  4:13  Barracks  
  53  4:14  Marine x2  
  56  4:17  SCV  
  56  4:22  Supply Depot  
  57  4:27  SCV, Engineering Bay  
  57  4:30  Refinery  
  57  4:31  SCV  
  59  4:32  Starport Tech Lab  
  59  4:36  Siege Tank  
  62  4:43  SCV x2  
  62  4:44  Supply Depot  
  64  4:46  Marine x2  
  66  4:55  SCV x2  
  66  4:58  Missile Turret  
  68  5:02  Barracks Tech Lab  
  68  5:04  Starport Reactor  
  68  5:08  Marine x2, SCV, Supply Depot  
  68  5:11  Stimpack  
  68  5:13  Terran Infantry Weapons Level 1  
  71  5:16  Marauder  
  71  5:18  Supply Depot  
  73  5:22  Refinery  
  73  5:23  SCV x2  
  73  5:25  Combat Shield  
  73  5:28  Marauder  
  77  5:32  Marine  
  78  5:37  Marauder  
  78  5:38  Marine  
  78  5:41  Supply Depot  
  81  5:46  Medivac  
  81  5:49  Marauder  
  85  5:55  Medivac  
  85  5:56  SCV x2  
  89  5:57  Command Center  
  89  6:00  Marine  
  89  6:02  Marine  
  91  6:04  Supply Depot  
  91  6:08  Siege Tank  
  94  6:17  Marauder  
  96  6:19  Barracks  
  96  6:20  Barracks  
  96  6:24  Marine x2, Medivac  
  100  6:27  Marauder  
  100  6:31  Supply Depot  
  102  6:33  Medivac  
  102  6:38  Marine  
  105  6:42  Marine  
  105  6:43  Marine  
  107  6:47  Concussive Shells  
  107  6:49  Marauder  
  109  6:55  Marine  
  109  6:57  Siege Tank  
  109  7:00  Marine, Medivac  
  116  7:08  Marine  
  117  7:10  Marauder, Barracks Reactor, Barracks Tech Lab  
  117  7:12  SCV x2  
  117  7:14  Marauder  
  123  7:18  Marine  
  124  7:24  Supply Depot  
  124  7:25  Marine, Supply Depot  
  124  7:26  SCV x2  
  127  7:30  Orbital Command  
  127  7:32  Marauder  
  127  7:35  Marauder  
  127  7:36  Marine x2  
  133  7:41  Ghost Academy  
  133  7:45  SCV x2, Supply Depot  
  144  7:58  Supply Depot  
Tags
 
Add a new tag
Caveats
  • Supply blocks, unpowered buildings, or Contaminate may cause inaccurate times.
  • Supply counts are checked every 10 seconds.